 Dungeon Crawl Stone Soup version 0.24-a0-525-g9231cdcba1 (webtiles) character file.

Game seed: 954824024190200157

445 Gargoyl the Chopper (level 6, 0/78 HPs)
             Began as a Centaur Abyssal Knight on Aug 2, 2019.
             Was a Priest of Lugonu.
             Splashed by an orc priest's acid (10 damage)
             ... on level 4 of the Dungeon.
             The game lasted 00:06:25 (4456 turns).

Gargoyl the Chopper (Centaur Abyssal Knight)        Turns: 4456, Time: 00:06:26

Health: 0/78       AC: 15    Str: 15    XL:     6   Next: 72%
Magic:  8/8        EV:  1    Int: 15    God:    Lugonu [***...]
Gold:   223        SH:  3    Dex: 10    Spells: 5/5 levels left

rFire    . . .     SeeInvis .   a - +2 hand axe
rCold    . . .     Gourm    .   o - +0 buckler
rNeg     + + +     Faith    .   (armour currently unavailable)
rPois    +         Spirit   .   (helmet currently unavailable)
rElec    .         Reflect  .   (cloak currently unavailable)
rCorr    .         Harm     .   (gloves currently unavailable)
MR       .....     NoTele   +   (no barding)
Stlth    +.........             (no amulet)
HPRegen  0.23/turn              h - +4 ring of intelligence
MPRegen  0.11/turn              (no ring)

@: tree-form, corroded
A: large
a: Depart the Abyss, Bend Space, Banish, Renounce Religion


You were on level 4 of the Dungeon.
You worshipped Lugonu.
Lugonu was most pleased with you.
You were very hungry.
You were a tree.
You visited 1 branch of the dungeon, and saw 4 of its levels.
You visited the Abyss 1 time.

You collected 223 gold pieces.

Inventory:

Hand Weapons
 a - a +2 hand axe (weapon)
Missiles
 q - 3 javelins (quivered)
Armour
 f - a +0 pair of gloves (melded)
 j - a +0 plate armour (melded)
 o - a +0 buckler (worn)
Jewellery
 h - a +4 ring of intelligence (left branch)
Scrolls
 b - 2 scrolls of remove curse
 d - a scroll of identify
 k - a scroll of fog
 p - a scroll of teleportation
Potions
 e - a potion of curing {unknown}
 g - a potion of agility
 i - a potion of might
 l - 2 potions of brilliance {unknown}
 n - a potion of resistance {unknown}
Comestibles
 c - 6 rations


   Skills:
 + Level 3.9 Fighting
 + Level 4.0 Axes
 * Level 2.9 Armour
 * Level 2.1 Dodging
 + Level 0.1 Shields
 * Level 3.3 Invocations


You had 5 spell levels left.
You didn't know any spells.
Your spell library contained the following spells:

 Spells                   Type           Power        Failure   Level  Hunger
 Animate Skeleton         Necr           N/A          41%         1    ##.....
 Apportation              Tloc           #.....       41%         1    ##.....
 Confusing Touch          Hex            #.....       41%         1    ##.....
 Summon Small Mammal      Summ           #...         41%         1    ##.....


Dungeon Overview and Level Annotations

Branches:
Dungeon (4/15)
 Temple: D:4-7

Altars:
Fedhas
The Shining One


Innate Abilities, Weirdness & Mutations

((You have hooves in place of feet.))
((Armour fits poorly on your strangely shaped body.))
((You cover ground very quickly.))
((You have extremely tough skin. (AC +3)))


Message History

The orc priest hits you but does no damage.
You block the orc priest's attack.
You closely miss the orc priest.
The orc priest is heavily wounded.
The orc priest zaps a wand.
The bolt of acid hits you but does no damage.
The acid corrodes you!
You are splashed with acid!
* * * LOW HITPOINT WARNING * * *
You hit the orc priest but do no damage.
The orc priest is heavily wounded.
The orc priest hits you but does no damage.
You hit the orc priest but do no damage.
The orc priest is heavily wounded.
You block the orc priest's attack.
You barely miss the orc priest.
The orc priest is heavily wounded.
The orc priest zaps a wand.
The bolt of acid hits you!
* * * LOW HITPOINT WARNING * * *
The acid corrodes you!
You are splashed with acid!
You die...

...........# ##########.# #.#
##.## #...# #########...########
########## .................(..
..........
###.........#################..##
#.'.............♣oo....(.....#.##
#.#......#########...#######.#..#
#.#......#########...# ##.##.#
#.########..o........######.....#
.....)S.)'o......................
...o######..............###....#.
.o..# #..............# #....#.
....# ##########.....# ##'####
....# #.....# #.# #


You could see an orc priest and an orc.

Vanquished Creatures
  2 orc priests
  3 orc wizards
  An iguana (D:4)
  A worker ant (D:4)
  4 gnolls
  10 adders
  An ooze (D:2)
  3 worms
  2 dart slugs
  2 leopard geckos (D:2)
  19 orcs
  3 giant cockroaches
  8 goblins
  7 hobgoblins
  4 jackals (D:1)
  2 quokkas (D:4)
  10 bats
  4 frilled lizards
  7 kobolds
  10 rats
103 creatures vanquished.

Vanquished Creatures (others)
  An orc (D:4)
1 creature vanquished.

Grand Total: 104 creatures vanquished

Notes
Turn   | Place    | Note
-------+----------+-------------------------------------------
     0 | Abyss:1  | Gargoyl the Centaur Abyssal Knight began the quest for the
                  | Orb.
     0 | Abyss:1  | Reached XP level 1. HP: 19/19 MP: 2/2
    97 | Abyss:1  | Found a corrupted altar of Lugonu.
   145 | Abyss:2  | Noticed a raiju
   147 | D:1      | Escaped the Abyss
   255 | D:1      | Reached XP level 2. HP: 25/26 MP: 3/3
   268 | D:1      | Reached * piety under Lugonu
   272 | D:1      | Reached skill level 2 in Axes
   550 | D:1      | Reached skill level 1 in Dodging
   938 | D:2      | Found a faded altar of an unknown god.
  1087 | D:2      | Reached XP level 3. HP: 26/31 MP: 4/4
  1198 | D:2      | Found a blossoming altar of Fedhas.
  1659 | D:2      | Found a glowing golden altar of the Shining One.
  2176 | D:2      | Reached XP level 4. HP: 33/38 MP: 5/5
  2239 | D:2      | Reached ** piety under Lugonu
  2735 | D:3      | Reached XP level 5. HP: 43/45 MP: 5/7
  2887 | D:3      | Reached skill level 3 in Axes
  3772 | D:4      | Reached XP level 6. HP: 41/52 MP: 6/8
  3795 | D:4      | Reached *** piety under Lugonu
  4442 | D:4      | Reached skill level 4 in Axes
  4456 | D:4      | Splashed by an orc priest's acid

Levels and vault maps discovered:
D:1:      minmay_arrival_jagged, layout_basic, minmay_box_of_dots
D:2:      layout_basic, lemuel_doored_altar, lemuel_round_altar,
          chequers_ecumenical_altar_simple_redux, minmay_quadrilaterals
D:3:      layout_loops_ring, first_ration
D:4:      layout_basic, minmay_temple_entry_mist, hangedman_decor_peaks_small

Skill      XL: |  1  2  3  4  5  6 |
---------------+-------------------+-----
Axes           | 2 3 4 |  4.0
Dodging        | 1 2 |  2.1
Armour         | 2 |  2.9
Invocations    | 3 |  3.3
Fighting       | |  3.9
Shields        | |  0.1

Action                   |  1- 3 |  4- 6 || total
-------------------------+-------+-------++-------
Melee: Hand axe          |   116 |   228 ||   344
       Kick              |    18 |    39 ||    57
Throw: Javelin           |       |     1 ||     1
Invok: Depart the Abyss  |     1 |       ||     1
       Bend Space        |       |     1 ||     1
  Use: Potion            |     2 |     3 ||     5
       Scroll            |     7 |     4 ||    11
  Eat: Chunk             |     2 |     6 ||     8
Armor: Leather armour    |    33 |       ||    33
       Plate armour      |   127 |   189 ||   316
       Skin              |       |    21 ||    21
Dodge: Dodged            |    28 |    33 ||    61
Block: Buckler           |       |    19 ||    19

Table legend:
 A = Non-vault XP
 B = Vault XP
 C = Vault XP percentage of total XP
 D = Non-vault monster count
 E = Vault monster count
 F = Vault count percentage of total count
                 A         B        C        D         E       F
            +---------+---------+-------+---------+---------+-------
      Total |     614 |      22 |   3.5 |      97 |       7 |   6.7
            +---------+---------+-------+---------+---------+-------
        D:1 |      28 |       5 |  15.2 |      17 |       3 |  15.0
        D:2 |     137 |      17 |  11.0 |      23 |       4 |  14.8
        D:3 |     189 |       0 |   0.0 |      34 |       0 |   0.0
        D:4 |     260 |       0 |   0.0 |      23 |       0 |   0.0
            +---------+---------+-------+---------+---------+-------
